 Dungeon Crawl Stone Soup version 0.32-a0-872-g59262bdc9b (webtiles) character file.

Game seed: 2653008648553802796

8684 KennySheep the Fighter (level 11, -8/163 (178) HPs)
             Began as an Oni Cinder Acolyte on Mar 30, 2024.
             Was a Follower of Ignis.
             Engulfed by a death drake's foul pestilence (15 damage)
             ... in a Gauntlet.
             The game lasted 00:54:04 (13845 turns).

KennySheep the Fighter (Oni Cinder Acolyte)        Turns: 13845, Time: 00:54:05

HP:   -8/163 (178)  AC: 25    Str: 22    XL:     11   Next: 34%
MP:   33/33         EV:  1    Int: 17    God:    Ignis [*.....]
Gold: 705           SH:  0    Dex:  4    Spells: 26/28 levels left

rFire   + + .        b - staff of fire
rCold   . . .        (no shield)
rNeg    . . .        D - melded +1 swamp dragon scales
rPois   +            (helmet currently unavailable)
rElec   .            (cloak currently unavailable)
rCorr   .            (gloves unavailable)
SInv    .            (boots unavailable)
Will    +....        p - amulet of the acrobat
Stlth   +            f - +4 ring of slaying
HPRegen 0.47/turn    H - ring of magical power
MPRegen 0.23/turn

%: no teleportation, acrobat
@: mighty, tree-form, slowed, studying Throwing, drained, very slow
A: stationary, stasis, torment immunity, boosted hp, large, unfitting armour,
(horns 1), (tough skin 1), double potion healing, drunken brawling
a: Renounce Religion, Fiery Armour, Foxfire Swarm, Rising Flame


You were in a Gauntlet.
You worshipped Ignis.
Ignis was aware of your devotion.
You were a tree.
You visited 2 branches of the dungeon, and saw 12 of its levels.
You also visited: Sewer and Gauntlet.

You collected 705 gold pieces.

Inventory:

Hand Weapons
 a - a +4 mace
 j - a -1 mace of flaming
 K - the +4 mace of Floods {venom, rPois Str-5 SInv}
   (You found it on level 10 of the Dungeon)

   Str-5:     It affects your strength (-5).
   rPois:     It protects you from poison.
   SInv:      It lets you see invisible.
Armour
 u - a +0 robe
 y - a +0 troll leather armour
 D - +1 swamp dragon scales (melded)
Magical Staves
 b - a staff of fire (weapon)
Jewellery
 f - a +4 ring of slaying (left branch)
 p - an amulet of the acrobat (around neck)
 x - a ring of see invisible
 H - a ring of magical power (right branch)
Talismans
 h - a maw talisman
Wands
 m - a wand of charming (5)
 t - a wand of digging (4)
 A - a wand of polymorph (10)
 J - a wand of flame (35)
Scrolls
 d - 2 scrolls of noise
 k - a scroll of fear
 l - 3 scrolls of teleportation
 o - 2 scrolls of enchant weapon
 q - a scroll of acquirement {unknown}
 s - 4 scrolls of immolation
 B - a scroll of vulnerability
 E - a scroll of fog
 F - a scroll of amnesia
 G - a scroll of revelation
 I - a scroll of poison
 L - a scroll of identify
Potions
 c - a potion of brilliance
 e - 2 potions of might
 i - a potion of lignification
 n - a potion of attraction
 r - a potion of degeneration
 v - a potion of mutation {unknown}
 w - a potion of resistance
 z - a potion of enlightenment {unknown}


   Skills:
 + Level 10.6 Fighting
 - Level 4.4(4.9) Maces & Flails
 + Level 3.1(4.2) Staves
 + Level 4.6 Dodging
 * Level 9.0 Spellcasting
 * Level 7.5 Fire Magic
 + Level 3.5 Evocations
 - Level 6.3 Shapeshifting


You had 26 spell levels left.
You knew the following spells:

 Your Spells              Type           Power      Damage    Failure   Level
a - Scorch                Fire           100%       2d9       1%          2

Your spell library contained the following spells:

 Spells                   Type           Power      Damage    Failure   Level
 Apportation              Tloc           14%        N/A       10%         1
 Sandblast                Erth           14%        2d6       10%         1
 Sting                    Conj/Alch      28%        1d4       10%         1
 Ensorcelled Hibernation  Hex/Ice        14%        N/A       14%         2
 Mercury Vapours          Alch/Air       14%        N/A       14%         2
 Summon Blazeheart Golem  Fire/Summ      30%        N/A       21%         4
 Call Canine Familiar     Summ           7%         N/A       28%         3
 Fugue of the Fallen      Necr           7%         N/A       28%         3
 Sigil of Binding         Hex            7%         N/A       28%         3
 Stone Arrow              Conj/Erth      14%        3d7       28%         3
 Anguish                  Hex/Necr       3%         N/A       67%         4
 Brom's Barrelling Bould  Conj/Erth      7%         2d3       67%         4
 Dimensional Bullseye     Hex/Tloc       3%         N/A       67%         4
 Olgreb's Toxic Radiance  Alch           7%         N/A       67%         4
 Vhi's Electric Charge    Tloc/Air       14%        N/A       67%         4
 Silence                  Hex/Air        3%         N/A       95%         5


Dungeon Overview and Level Annotations

Branches:
Dungeon (11/15)            Temple (1/1) D:6            Lair (0/5) D:10
    Orc (0/2) D:9           Sewer (visited)         Gauntlet (1/1)

Altars:
Ashenzari
Cheibriados
Dithmenos
Elyvilon
Fedhas
Gozag
Hepliaklqana
Kikubaaqudgha
Makhleb
Nemelex Xobeh
Okawaru
Qazlal
Ru
Sif Muna
Trog
Uskayaw
Vehumet
Wu Jian
Xom
Yredelemnul
Zin
The Shining One

Annotations:
D:7 1 runed translucent door, Crazy Yiuf
Temple 2 transporters Gauntlet 6 transporters


Innate Abilities, Weirdness & Mutations

You are a tree.
Your roots penetrate the ground, keeping you stationary.
You cannot be teleported.
You are immune to unholy pain and torment.
Your maximum health is greatly increased.
Your equipment is partially melded.
You are too large for most types of armour.
((You have a pair of small horns on your head.))
((You have tough skin. (AC +1)))
You gain doubled healing and magic from potions.
Whenever you drink a healing potion, you attack all around you.


Message History

The spectral centaur warrior hits you but does no damage.
The spectral centaur warrior kicks you but does no damage.
The death drake bites you but does no damage.
The spectral centaur warrior hits you but does no damage.
The spectral centaur warrior kicks you.
* * * LOW HITPOINT WARNING * * *
You feel drained. The death drake breathes miasma at you.
The foul vapour engulfs you but does no damage.
The spectral centaur warrior hits you but does no damage.
The spectral centaur warrior kicks you but does no damage.
You barely miss the death drake.
The death drake is severely wounded.
You are engulfed in dark miasma.
You feel as though you will be slow longer.
* * * LOW HITPOINT WARNING * * *
The spectral centaur warrior hits you.
* * * LOW HITPOINT WARNING * * *
The spectral centaur warrior kicks you but does no damage.
The death drake bites you but does no damage.
The spectral centaur warrior hits you but does no damage.
The spectral centaur warrior kicks you but does no damage.
The death drake bites you but does no damage.
You hit the death drake!
The death drake is almost dead.
You are engulfed in dark miasma.
* * * LOW HITPOINT WARNING * * *
The spectral centaur warrior hits you but does no damage.
The spectral centaur warrior kicks you but does no damage.
The death drake bites you.
* * * LOW HITPOINT WARNING * * *
The spectral centaur warrior hits you but does no damage.
The spectral centaur warrior kicks you but does no damage.
The death drake bites you but does no damage.
You closely miss the death drake.
The death drake is almost dead.
You are engulfed in dark miasma.
You feel as though you will be slow longer.
You die...
Ignis goes out, and joins you in death.

©#....©.^.©#..#...#
.#......^^$#..#.ß.#
##.......u=#..#...##.
.#......^^.#..#.ß....
.#....G...G#..#...##.
# .###########..#...#
..
.............≈#.©.##.#
§............∩#......#
.............≈#Z♣.##.
.###########..#.k.#
.#§☼.°..°.Z#..#...##
.#.##^.^##.#..#.ß...
##°.##.##^.#..#...##
.#°..#.#..!#..#.ß.#
©#°..^Z#..©#..#...#
.#...#.#...#..#≈ß≈#
##.§##.##.[#..#####


You could see a death drake, a brown ugly thing (wandering), a glowing orange
brain, a spectral wolf spider and a spectral centaur warrior.

Vanquished Creatures
  3 two-headed ogres
  A death yak (D:10)
  Joseph (D:8)
  An elephant (D:10)
  Maggie (D:7)
  A hellion (Gauntlet)
  A kobold demonologist (D:10)
  2 trolls
  A hornet (D:9)
  A wraith (D:9)
  5 yaks
  A vampire (D:10)
  2 basilisks (D:10)
  A steam dragon (D:9)
  2 orc warriors
  4 black bears
  A sky beast (D:7)
  2 wolves (Gauntlet)
  An ogre (D:5)
  3 centaurs
  2 kobold brigands (D:8)
  4 bullfrogs
  3 scorpions
  4 killer bees (D:8)
  2 electric eels (D:10)
  A howler monkey (D:4)
  3 hounds
  3 quasits (D:8)
  2 jellies
  A gnoll bouda (D:9)
  5 orc priests
  3 iguanas
  A hell rat (Sewer)
  3 orc wizards (D:8)
  5 adders
  4 gnolls (D:9)
  3 river rats (Sewer)
  5 shadow imps
  5 white imps
  2 ufetubi (D:8)
  3 ribbon worms
  2 dart slugs
  17 orcs
  8 bats
  10 endoplasms
  4 giant cockroaches
  7 goblins
  8 hobgoblins
  2 jackals (D:2)
  2 quokkas (D:3)
  9 ball pythons
  6 frilled lizards
  14 kobolds
  13 rats
201 creatures vanquished.

Vanquished Creatures (others)
  A vampire (D:9)
  24 foxfires (D:10)
25 creatures vanquished.

Grand Total: 226 creatures vanquished

Notes
Turn   | Place    | Note
-------+----------+-------------------------------------------
     0 | D:1      | KennySheep the Oni Cinder Acolyte began the quest for the
                  | Orb.
     0 | D:1      | Reached XP level 1. HP: 24/24 MP: 2/2
   115 | D:1      | Reached XP level 2. HP: 32/32 MP: 2/4
   525 | D:1      | Reached XP level 3. HP: 29/40 MP: 5/5
   928 | D:2      | Learned a level 2 spell: Scorch
  1025 | D:2      | Reached skill level 5 in Fighting
  1043 | D:2      | Reached XP level 4. HP: 50/50 MP: 1/6
  1198 | D:2      | Got Wut Xiqi's Precepts of the Oath and Weather
  1951 | D:3      | Reached XP level 5. HP: 58/58 MP: 7/7
  1968 | D:3      | Found a glowing drain.
  1977 | Sewer    | Entered a sewer
  2010 | Sewer    | Reached skill level 1 in Shapeshifting
  2270 | D:3      | Reached skill level 6 in Fighting
  2680 | D:4      | Reached XP level 6. HP: 65/67 MP: 8/8
  2890 | D:4      | You fall into a shaft and drop 2 floors!
  2906 | D:5      | Entered Level 5 of the Dungeon
  3897 | D:5      | Reached XP level 7. HP: 48/76 MP: 0/9
  4110 | D:5      | Noticed a troll
  4116 | D:5      | Killed a troll
  4117 | D:5      | Reached skill level 7 in Fighting
  4677 | D:5      | Reached skill level 5 in Shapeshifting
  4829 | D:5      | Reached XP level 8. HP: 46/88 MP: 2/10
  4837 | D:6      | Reached skill level 8 in Fighting
  4993 | D:6      | Found a glowing silver altar of Zin.
  5096 | D:6      | Found a staircase to the Ecumenical Temple.
  5178 | Temple   | Found a transporter.
  5178 | Temple   | Found a transporter.
  5178 | Temple   | Found a transporter.
  5178 | Temple   | Found a transporter.
  5178 | Temple   | Entered the Ecumenical Temple
  5891 | D:7      | Found a bloodstained altar of Trog.
  6266 | D:7      | Reached skill level 1 in Dodging
  6545 | D:7      | Noticed Maggie
  6561 | D:7      | Killed Maggie
  6562 | D:7      | Reached XP level 9. HP: 64/97 MP: 2/16
  6686 | D:7      | Found a runed translucent door.
  6687 | D:7      | Noticed Crazy Yiuf
  6824 | D:7      | Reached skill level 5 in Spellcasting
  7951 | D:8      | Lost dexterity.
  8120 | D:8      | Reached skill level 9 in Fighting
  8223 | D:8      | Reached skill level 5 in Fire Magic
  8223 | D:8      | Reached skill level 1 in Evocations
  8685 | D:8      | Noticed Joseph
  8710 | D:8      | Killed Joseph
  9083 | D:8      | Reached XP level 10. HP: 50/107 MP: 7/20
  9775 | D:10     | Entered Level 10 of the Dungeon
  9805 | D:10     | Noticed a kobold demonologist
 10372 | D:9      | Paralysed by a hornet for 1 turns
 10531 | D:9      | Found a staircase to the Orcish Mines.
 10533 | D:9      | Noticed a two-headed ogre
 10598 | D:10     | Found a staircase to the Lair.
 10598 | D:10     | Noticed a death yak
 10598 | D:10     | Noticed an elephant
 10620 | D:9      | Killed a two-headed ogre
 10621 | D:9      | Reached skill level 1 in Staves
 10752 | D:9      | Reached skill level 10 in Fighting
 11110 | D:9      | Identified the +0 scale mail of Riyfelof {^Contam rPois
                  | rF++ MP+9}
 11137 | D:9      | Noticed a two-headed ogre
 11156 | D:9      | Killed a two-headed ogre
 11929 | D:10     | Found a stormy altar of Qazlal.
 12024 | D:10     | Found a basalt altar of Yredelemnul.
 12111 | D:10     | Noticed a two-headed ogre
 12117 | D:10     | Killed a two-headed ogre
 12118 | D:10     | Reached XP level 11. HP: 61/119 MP: 16/23
 12327 | D:10     | Killed a death yak
 12860 | D:10     | Identified the +4 mace of Floods {venom, rPois Str-5 SInv}
 13022 | D:11     | Noticed a manticore
 13022 | D:11     | Noticed a five-headed hydra
 13022 | D:11     | Found a gate leading to a gauntlet.
 13028 | Gauntlet | Entered a Gauntlet
 13028 | Gauntlet | Noticed a moth of wrath
 13028 | Gauntlet | Found a transporter.
 13028 | Gauntlet | Found a transporter.
 13108 | Gauntlet | Found a transporter.
 13108 | Gauntlet | Found a transporter.
 13111 | Gauntlet | Found a transporter.
 13111 | Gauntlet | Found a transporter.
 13119 | Gauntlet | Noticed a catoblepas
 13121 | Gauntlet | Found a transporter.
 13125 | Gauntlet | Found a transporter.
 13129 | Gauntlet | Noticed a death drake
 13130 | Gauntlet | Noticed a brown ugly thing
 13133 | Gauntlet | Noticed a glowing orange brain
 13134 | Gauntlet | Noticed a glowing orange brain
 13135 | Gauntlet | Found a transporter.
 13237 | Gauntlet | Found a transporter.
 13241 | Gauntlet | Found a transporter.
 13257 | Gauntlet | Found a transporter.
 13835 | Gauntlet | Got Sif Muna's Handbook of Projective Phlogiston
 13844 | Gauntlet | HP: 8/163 [death drake] (1)]
 13845 | Gauntlet | Engulfed by a death drake's foul pestilence

Illustrated notes

Levels and vault maps discovered:
D:1:      dpeg_arrival_pond, layout_basic, st_stairs_12
D:2:      layout_basic, roderic_lattice_a
D:3:      layout_loops_ring, portal_sewer_entry_f
D:4:      layout_rooms, serial_aquarium, aquarium_bridge_long_separate
          [aquarium_subvault_bridge, aquarium_subvault_bridge,
          aquarium_subvault_bridge, aquarium_subvault_bridge,
          aquarium_subvault_bridge, aquarium_subvault_bridge],
          aquarium_bridge_island_small [aquarium_subvault_small_open,
          aquarium_subvault_bridge, aquarium_subvault_wall,
          aquarium_subvault_bridge, aquarium_subvault_wall],
          aquarium_window_corner, aquarium_window_1, aquarium_view_2e,
          aquarium_balcony_5b
D:5:      layout_layer_cave, minmay_misc_feat_plants
D:6:      layout_rooms, zin_academy, minmay_temple_entry_overgrown
D:7:      layout_basic, david_defended_altar_orc, uniq_maggie,
          uniq_crazy_yiuf_cottage
D:8:      layout_loops_cross, serial_demonic, serial_demonic_a,
          serial_demonic_e, serial_demonic_d, serial_demonic_a, uniq_joseph
D:9:      layout_irregular_city, orc_0_dummy, serial_co_window_serial,
          co_window_cross_1, co_window_paths_a, co_window_of_opportunity_a,
          co_window_paths_b, co_window_corner_a, co_window_corner_a,
          co_window_corner_cb, co_window_corner_cb, co_window_corner_cb,
          co_window_unsneaky_path_a, co_window_broadway_b, co_window_corner_cb,
          glass_columns_a, glass_columns_b, glass_columns_a, glass_columns_a,
          glass_columns_b, eino_small_chamber_without_monster
D:10:     layout_long_grid, mainiacjoe_overflow_catch_the_wave,
          david_lair_generic
D:11:     layout_cave_pools, gauntlet_entry_generic,
          fedhas_bush_and_centaur_altar
Temple:   hellmonk_temple_divided_pantheon
Gauntlet: gammafunk_gauntlet_hard_choice [nicolae_gauntlet_swirl,
          gammafunk_gauntlet_arena_grid, nicolae_gauntlet_arena_x,
          gammafunk_gauntlet_arena_crates, gammafunk_gauntlet_arena_open,
          gammafunk_gauntlet_arena_split_x, gauntlet_exit_hidden_loot]

Skill      XL: |  1  2  3  4  5  6  7  8  9 10 11 |
---------------+----------------------------------+-----
Fighting       | 5 6 7 8 9 10 | 10.6
Maces & Flails | 4 |  4.4
Shapeshifting  | 2 3 5 6 |  6.3
Spellcasting   | 4 6 8 9 |  9.0
Fire Magic     | 4 5 7 |  7.5
Dodging        | 1 3 4 |  4.6
Evocations     | 1 3 |  3.5
Staves         | 2 3 |  3.1

Action                     |  1- 3 |  4- 6 |  7- 9 | 10-12 || total
---------------------------+-------+-------+-------+-------++-------
  Melee: Mace              |    63 |   113 |     9 |       ||   185
         Headbutt          |     4 |    16 |    10 |    13 ||    43
         Staff             |       |       |    58 |    64 ||   122
   Cast: Scorch            |     3 |    11 |   137 |    96 ||   247
 Invoke: Fiery Armour      |       |       |     5 |     4 ||     9
         Foxfire Swarm     |       |       |       |     1 ||     1
  Evoke: Wand              |       |       |       |     2 ||     2
    Use: Scroll            |       |     6 |     5 |     7 ||    18
         Potion            |       |     3 |     2 |    11 ||    16
 Armour: Robe              |    46 |    81 |    10 |       ||   137
         Troll leather arm |       |       |    46 |       ||    46
         Swamp dragon scal |       |       |   168 |   205 ||   373
         Skin              |       |       |       |    46 ||    46
  Dodge: Dodged            |    31 |    44 |    70 |    93 ||   238

Table legend: (Time is in decaauts)
 A = Elapsed time spent in this place.
 B = Non-inter-level travel time spent in this place.
 C = Inter-level travel time spent in this place.
 D = Time resting spent in this place.
 E = Time spent auto-exploring this place.
 F = Levels seen in this place.
 G = Mean time per level.
                   A        B        C        D        E       F      G
               +--------+--------+--------+--------+--------+-----+--------+
         Total |  14194 |  13666 |    528 |   2139 |   9416 |  14 | 1013.9 |
       Dungeon |  13255 |  12727 |    528 |   1778 |   9168 |  11 | 1205.0 |
        Temple |      1 |      1 |      0 |      0 |      0 |   1 |    1.0 |
         Sewer |    123 |    123 |      0 |      0 |     29 |   1 |  123.0 |
      Gauntlet |    813 |    813 |      0 |    361 |    219 |   1 |  813.0 |
               +--------+--------+--------+--------+--------+-----+--------+

Top non-repeatable levels by time:
     D:8: 2698 daAuts
     D:9: 1931 daAuts
     D:7: 1922 daAuts
     D:5: 1618 daAuts
    D:10: 1221 daAuts
     D:2: 1110 daAuts
Gauntlet: 813 daAuts
     D:3: 740 daAuts
     D:1: 716 daAuts
     D:4: 648 daAuts
     D:6: 640 daAuts
   Sewer: 123 daAuts
    D:11: 5 daAuts
  Temple: 1 daAuts
